[Event "GER-ch Youth-ODJM 2022 B"]
[Site "Willingen"]
[Date "2022.06.09"]
[Round "7.9"]
[White "Schilay, Maria"]
[Black "Morio, Estelle"]
[Result "0-1"]
[ECO "C47"]
[WhiteElo "1568"]
[BlackElo "1823"]
[Annotator "NA RC COMBH"]
[PlyCount "76"]
[EventDate "2022.06.05"]
[EventType "swiss"]
[EventRounds "9"]
[EventCountry "GER"]
[SourceTitle "playchess.com"]
[Source "ChessBase"]
[SourceQuality "1"]
[TimeControl "40/4500+30:900+30"]

1. e4 e5 2. Nf3 Nc6 3. Nc3 Nf6 4. a3 g6 5. d4 exd4 6. Nxd4 Bg7 7. Be3 d6 8. h3 O-O 9. Be2 Re8 10. Nxc6 bxc6 11. Bf3 Bb7 12. Qd2 a5 13. O-O Nd7 14. Bd4 Bxd4 15. Qxd4 c5 16. Qd1 Ba6 17. Re1 Ne5 18. b3 c6 19. Re3 Qc7 20. Qd2 Rad8 21. Rd1 Bb7 22. Qe2 Qb6 23. Rd2 Rd7 24. Qd1 Red8 25. Be2 f6 26. f4 Nf7 27. e5 c4 28. Kf2 fxe5 29. fxe5 Nxe5 30. Ne4 Rf8+ 31. Bf3 Nxf3 32. gxf3 d5 33. Ng3 Re7 34. Qe1 Rfe8 35. Nf1 cxb3 36. cxb3 Ba6 37. Kg3 Rxe3 38. Nxe3 Qxe3 0-1

[Event "GER-ch Youth-ODJM 2022 B"]
[Site "Willingen"]
[Date "2022.06.09"]
[Round "7.10"]
[White "Götz, Timon"]
[Black "Mehner, Lorenz"]
[Result "0-1"]
[ECO "A34"]
[WhiteElo "1558"]
[BlackElo "1609"]
[Annotator "NA RC COMBH"]
[PlyCount "50"]
[EventDate "2022.06.05"]
[EventType "swiss"]
[EventRounds "9"]
[EventCountry "GER"]
[SourceTitle "playchess.com"]
[Source "ChessBase"]
[SourceQuality "1"]
[TimeControl "40/4500+30:900+30"]

1. c4 c5 2. g3 Nf6 3. Bg2 d5 4. cxd5 Nxd5 5. Nc3 Nc7 6. Nf3 Nc6 7. b3 e5 8. Bb2 f6 9. O-O Be7 10. a3 O-O 11. d3 Bd7 12. Rc1 Rc8 13. e3 Bf5 14. Ne1 Qd7 15. Ne4 Ne6 16. Qc2 Rfd8 17. Rd1 b6 18. f4 exf4 19. gxf4 Na5 20. Nf3 Qb5 21. Nfd2 Qxd3 22. Qxd3 Rxd3 23. b4 cxb4 24. axb4 Bxb4 25. Rf2 Rcd8 0-1

[Event "GER-ch Youth-ODJM 2022 B"]
[Site "Willingen"]
[Date "2022.06.09"]
[Round "7.11"]
[White "Andrade, Ruben"]
[Black "Birkenheier, Nicolas"]
[Result "0-1"]
[ECO "C54"]
[WhiteElo "1694"]
[BlackElo "1350"]
[Annotator "NA RC COMBH"]
[PlyCount "64"]
[EventDate "2022.06.05"]
[EventType "swiss"]
[EventRounds "9"]
[EventCountry "GER"]
[SourceTitle "playchess.com"]
[Source "ChessBase"]
[SourceQuality "1"]
[TimeControl "40/4500+30:900+30"]

1. e4 e5 2. Nf3 Nc6 3. Bc4 Bc5 4. c3 Nf6 5. d4 exd4 6. cxd4 Bb4+ 7. Nc3 Nxe4 8. O-O Bxc3 9. d5 Ne5 10. bxc3 Nxc4 11. Qd4 O-O 12. Qxe4 Nd6 13. Qd3 b6 14. Ng5 f5 15. h4 h6 16. Nf3 Bb7 17. Bb2 Qf6 18. Rab1 Qf7 19. c4 Rad8 20. Ne5 Qh5 21. Qd4 Rf6 22. Qf4 Rff8 23. Rfe1 Bc8 24. f3 Ne8 25. Nd3 Nf6 26. Qg3 Rde8 27. Nf4 Qf7 28. Ng6 Nh5 29. Qxc7 Qxg6 30. Rxe8 Rxe8 31. Kf2 f4 32. Be5 Qxb1 0-1

[Event "GER-ch Youth-ODJM 2022 B"]
[Site "Willingen"]
[Date "2022.06.09"]
[Round "7.12"]
[White "Ermert, Karl Hans Ragnar"]
[Black "Schwarz, David"]
[Result "1-0"]
[ECO "C77"]
[WhiteElo "1662"]
[BlackElo "1244"]
[Annotator "NA RC COMBH"]
[PlyCount "81"]
[EventDate "2022.06.05"]
[EventType "swiss"]
[EventRounds "9"]
[EventCountry "GER"]
[SourceTitle "playchess.com"]
[Source "ChessBase"]
[SourceQuality "1"]
[TimeControl "40/4500+30:900+30"]

1. e4 e5 2. Nf3 Nc6 3. Bb5 a6 4. Ba4 Nf6 5. d3 Bc5 6. O-O O-O 7. Bxc6 bxc6 8. Nxe5 d5 9. Nd2 Re8 10. Nef3 dxe4 11. dxe4 Nxe4 12. Nxe4 Qxd1 13. Rxd1 Rxe4 14. Rd8+ Bf8 15. Be3 Bb7 16. Rad1 Re8 17. Rxa8 Bxa8 18. Bf4 Bd6 19. Bxd6 cxd6 20. Rxd6 g6 21. Kf1 Kg7 22. Rd7 Rb8 23. b3 Kf6 24. Rc7 h6 25. c4 Bb7 26. Ke2 Re8+ 27. Kd3 Re7 28. Rxe7 Kxe7 29. Kd4 Kd6 30. b4 Bc8 31. Ne5 Be6 32. a4 g5 33. Nd3 Bd7 34. Nc5 Bc8 35. Ne4+ Kc7 36. Kc5 f5 37. Nd6 Bd7 38. Nf7 f4 39. Nxh6 g4 40. Nf7 Bf5 41. Ne5 1-0

[Event "GER-ch Youth-ODJM 2022 B"]
[Site "Willingen"]
[Date "2022.06.10"]
[Round "8.1"]
[White "Maul, Maik Joel"]
[Black "Werner, Florin"]
[Result "0-1"]
[ECO "A45"]
[WhiteElo "1532"]
[BlackElo "1609"]
[Annotator "NA RC COMBH"]
[PlyCount "100"]
[EventDate "2022.06.05"]
[EventType "swiss"]
[EventRounds "9"]
[EventCountry "GER"]
[SourceTitle "playchess.com"]
[Source "ChessBase"]
[SourceQuality "1"]
[TimeControl "40/4500+30:900+30"]

1. d4 Nf6 2. Nc3 d5 3. Bf4 a6 4. e3 Bf5 5. f3 e6 6. g4 Bg6 7. h4 h6 8. Bd3 Bxd3 9. cxd3 c5 10. dxc5 Bxc5 11. d4 Bd6 12. Nge2 Nc6 13. Rc1 Qd7 14. Kf2 b5 15. Bxd6 Qxd6 16. Nf4 Ke7 17. g5 hxg5 18. hxg5 Nd7 19. Qc2 Nb4 20. Qb1 g6 21. Kg2 Nc6 22. Rh6 Rxh6 23. gxh6 Nxd4 24. Nxg6+ fxg6 25. exd4 Qf4 26. Re1 Kf6 27. Qc2 Qg5+ 28. Kf1 Rh8 29. Qe2 Qf5 30. Qe3 g5 31. Ne2 Qh3+ 32. Kf2 Rxh6 33. Ng3 Nf8 34. f4 Qh2+ 35. Kf1 gxf4 36. Qxf4+ Kg7 37. Re5 Qh3+ 38. Kf2 Qh4 39. Rg5+ Ng6 40. Qc7+ Kf8 41. Qd8+ Kf7 42. Kf3 Qf4+ 43. Kg2 Nh4+ 44. Kh3 Nf5+ 45. Kg2 Qd2+ 46. Kg1 Qxd4+ 47. Kg2 Qd2+ 48. Kg1 Qh2+ 49. Kf1 Nxg3+ 50. Rxg3 Rf6+ 0-1

[Event "GER-ch Youth-ODJM 2022 B"]
[Site "Willingen"]
[Date "2022.06.10"]
[Round "8.5"]
[White "Morio, Estelle"]
[Black "Stülcken, Philipp"]
[Result "1-0"]
[ECO "A03"]
[WhiteElo "1823"]
[BlackElo "1513"]
[Annotator "NA RC COMBH"]
[PlyCount "83"]
[EventDate "2022.06.05"]
[EventType "swiss"]
[EventRounds "9"]
[EventCountry "GER"]
[SourceTitle "playchess.com"]
[Source "ChessBase"]
[SourceQuality "1"]
[TimeControl "40/4500+30:900+30"]

1. f4 d5 2. Nf3 g6 3. g3 Bg7 4. Bg2 Nf6 5. O-O O-O 6. d3 Nc6 7. h3 Re8 8. d4 Ne4 9. Kh2 e6 10. e3 f6 11. Nbd2 Nd6 12. g4 b6 13. g5 Bb7 14. Rg1 f5 15. Nf1 Ne4 16. Ng3 Nxg3 17. Kxg3 Kf7 18. Rh1 Rh8 19. h4 a5 20. Bd2 Ba6 21. b3 Rc8 22. h5 Qd7 23. Qe1 Qd6 24. Bf1 Bxf1 25. Qxf1 Ra8 26. a4 Rag8 27. Qe2 Ke8 28. Rh2 Kd7 29. Rah1 Kc8 30. hxg6 hxg6 31. Rxh8 Rxh8 32. Rxh8+ Bxh8 33. Nh4 Ne7 34. Qh2 Qd8 35. Bc1 Qg8 36. Ba3 Kd7 37. Bxe7 Kxe7 38. Nxg6+ Qxg6 39. Qxh8 c5 40. Kh4 cxd4 41. exd4 Kf7 42. Qh5 1-0

[Event "GER-ch Youth-ODJM 2022 B"]
[Site "Willingen"]
[Date "2022.06.10"]
[Round "8.6"]
[White "Mehner, Lorenz"]
[Black "Tryfon, Konstantin"]
[Result "1-0"]
[ECO "D35"]
[WhiteElo "1609"]
[BlackElo "1634"]
[Annotator "NA RC COMBH"]
[PlyCount "95"]
[EventDate "2022.06.05"]
[EventType "swiss"]
[EventRounds "9"]
[EventCountry "GER"]
[SourceTitle "playchess.com"]
[Source "ChessBase"]
[SourceQuality "1"]
[TimeControl "40/4500+30:900+30"]

1. d4 d5 2. c4 e6 3. Nc3 Nf6 4. cxd5 exd5 5. Bg5 Nbd7 6. e3 Be7 7. Bd3 c6 8. h3 Ne4 9. Bxe7 Qxe7 10. Nge2 Ndf6 11. O-O O-O 12. Rb1 a5 13. a3 Nd6 14. b4 axb4 15. axb4 b5 16. Qc2 h6 17. Nc1 Nfe4 18. Nxe4 dxe4 19. Be2 Nc4 20. Bxc4 bxc4 21. Ne2 Ba6 22. Nc3 f5 23. Qb2 Qd7 24. Ra1 Ra7 25. Rfc1 Rb8 26. Nb1 Qe7 27. Nd2 Rxb4 28. Qa2 Rbb7 29. Nxc4 Kh8 30. Ne5 Bb5 31. Ng6+ Kh7 32. Nxe7 Rxa2 33. Rxa2 Rxe7 34. Rca1 Bc4 35. Ra7 Re6 36. Rf7 Rf6 37. Rxf6 gxf6 38. f3 Bd5 39. Ra7+ Kg6 40. f4 h5 41. Kf2 Kh6 42. Ke1 Bc4 43. Rc7 Bb5 44. Kd2 h4 45. Kc3 Bf1 46. Rxc6 Bxg2 47. d5 Bxh3 48. d6 1-0

[Event "GER-ch Youth-ODJM 2022 B"]
[Site "Willingen"]
[Date "2022.06.10"]
[Round "8.7"]
[White "Birkenheier, Nicolas"]
[Black "Abou Wally, Adrian"]
[Result "1/2-1/2"]
[ECO "C54"]
[WhiteElo "1350"]
[BlackElo "1601"]
[Annotator "NA RC COMBH"]
[PlyCount "77"]
[EventDate "2022.06.05"]
[EventType "swiss"]
[EventRounds "9"]
[EventCountry "GER"]
[SourceTitle "playchess.com"]
[Source "ChessBase"]
[SourceQuality "1"]
[TimeControl "40/4500+30:900+30"]

1. e4 e5 2. Nf3 Nc6 3. Bc4 Bc5 4. c3 Nf6 5. d3 d6 6. Bb3 a6 7. Nbd2 Ba7 8. O-O O-O 9. Re1 Ng4 10. Re2 Kh8 11. h3 Nh6 12. Nf1 f5 13. Re1 fxe4 14. dxe4 Qf6 15. N1h2 Qg6 16. Kf1 Bxh3 17. gxh3 Qh5 18. Kg2 Rf6 19. Rg1 Raf8 20. Be3 Bxe3 21. fxe3 Rg6+ 22. Kh1 Rxg1+ 23. Qxg1 Rxf3 24. Nxf3 Qxf3+ 25. Qg2 Qxe3 26. Rf1 g6 27. Qf3 Qxf3+ 28. Rxf3 Kg7 29. Kg2 Nd8 30. Kg3 Nhf7 31. Bxf7 Nxf7 32. h4 Nd8 33. b4 Ne6 34. Rf2 Nf4 35. Rd2 Kf7 36. c4 Ke7 37. Kg4 h6 38. a4 Ne6 39. Ra2 1/2-1/2

[Event "GER-ch Youth-ODJM 2022 B"]
[Site "Willingen"]
[Date "2022.06.10"]
[Round "8.9"]
[White "Ermert, Karl Hans Ragnar"]
[Black "Hofmann, Benjamin"]
[Result "1/2-1/2"]
[ECO "C70"]
[WhiteElo "1662"]
[BlackElo "1483"]
[Annotator "NA RC COMBH"]
[PlyCount "70"]
[EventDate "2022.06.05"]
[EventType "swiss"]
[EventRounds "9"]
[EventCountry "GER"]
[SourceTitle "playchess.com"]
[Source "ChessBase"]
[SourceQuality "1"]
[TimeControl "40/4500+30:900+30"]

1. e4 e5 2. Nf3 Nc6 3. Bb5 a6 4. Ba4 Bc5 5. O-O b5 6. Bb3 Nf6 7. d3 h6 8. Re1 d6 9. c3 O-O 10. h3 Re8 11. Nbd2 Be6 12. Bc2 Ba7 13. Nb3 Ne7 14. d4 Bxb3 15. Bxb3 Ng6 16. Qc2 c5 17. dxc5 dxc5 18. Rd1 Qc7 19. Bd5 Nxd5 20. Rxd5 c4 21. b3 Rad8 22. Ba3 Rxd5 23. exd5 Nf4 24. Qf5 g6 25. d6 Qb6 26. Qc2 Qc6 27. bxc4 bxc4 28. Qd2 Kg7 29. d7 Rd8 30. Qd6 Qxd6 31. Bxd6 Nd3 32. Nxe5 Nxe5 33. Bxe5+ f6 34. Bg3 Rxd7 35. Rb1 Bc5 1/2-1/2

[Event "GER-ch Youth-ODJM 2022 B"]
[Site "Willingen"]
[Date "2022.06.10"]
[Round "8.10"]
[White "Kroemer, Emanuel"]
[Black "Wechtenbruch, Jamie"]
[Result "1-0"]
[ECO "D05"]
[WhiteElo "1415"]
[BlackElo "1489"]
[Annotator "NA RC COMBH"]
[PlyCount "49"]
[EventDate "2022.06.05"]
[EventType "swiss"]
[EventRounds "9"]
[EventCountry "GER"]
[SourceTitle "playchess.com"]
[Source "ChessBase"]
[SourceQuality "1"]
[TimeControl "40/4500+30:900+30"]

1. d4 d5 2. Nf3 Nf6 3. e3 e6 4. Bd3 Be7 5. O-O O-O 6. b3 Nbd7 7. Bb2 b6 8. Nbd2 Bb7 9. Ne5 h6 10. c4 Nxe5 11. dxe5 Nd7 12. f4 dxc4 13. Bxc4 Nc5 14. e4 Ba6 15. Qe2 Bxc4 16. f5 Qc8 17. Qxc4 exf5 18. exf5 Qa6 19. Qg4 Qc8 20. Rf3 g5 21. Qh5 f6 22. Qg6+ Kh8 23. Qxh6+ Kg8 24. Qg6+ Kh8 25. Rh3# 1-0

[Event "GER-ch Youth-ODJM 2022 B"]
[Site "Willingen"]
[Date "2022.06.10"]
[Round "8.12"]
[White "Götz, Timon"]
[Black "Paqarizi, Endrit"]
[Result "1-0"]
[ECO "A30"]
[WhiteElo "1558"]
[BlackElo "1380"]
[Annotator "NA RC COMBH"]
[PlyCount "47"]
[EventDate "2022.06.05"]
[EventType "swiss"]
[EventRounds "9"]
[EventCountry "GER"]
[SourceTitle "playchess.com"]
[Source "ChessBase"]
[SourceQuality "1"]
[TimeControl "40/4500+30:900+30"]

1. c4 c5 2. g3 Nc6 3. Bg2 Nf6 4. Nc3 e6 5. Nf3 Be7 6. O-O O-O 7. d4 cxd4 8. Nxd4 Qc7 9. b3 b6 10. Bb2 Bb7 11. Rc1 Nxd4 12. Qxd4 Bxg2 13. Kxg2 a6 14. Rfd1 Rfd8 15. Ne4 Qb7 16. f3 d5 17. cxd5 Rxd5 18. Qc4 Nxe4 19. Qxe4 Rad8 20. Rd3 Qd7 21. Rcd1 Qb5 22. Qg4 Bg5 23. Qxg5 f6 24. Qg4 1-0

[Event "GER-ch Youth-ODJM 2022 B"]
[Site "Willingen"]
[Date "2022.06.11"]
[Round "9.1"]
[White "Werner, Florin"]
[Black "Türel, Tugrul"]
[Result "1/2-1/2"]
[ECO "C97"]
[WhiteElo "1609"]
[BlackElo "1206"]
[Annotator "NA RC COMBH"]
[PlyCount "43"]
[EventDate "2022.06.05"]
[EventType "swiss"]
[EventRounds "9"]
[EventCountry "GER"]
[SourceTitle "playchess.com"]
[Source "ChessBase"]
[SourceQuality "1"]
[TimeControl "40/4500+30:900+30"]

1. e4 e5 2. Nf3 Nc6 3. Bb5 a6 4. Ba4 Nf6 5. O-O Be7 6. Re1 b5 7. Bb3 O-O 8. c3 d6 9. h3 Na5 10. Bc2 c5 11. d4 Qc7 12. d5 c4 13. Nbd2 Nb7 14. Nf1 Nc5 15. Ng3 Re8 16. Be3 Bd7 17. Qd2 a5 18. Bxc5 Qxc5 19. a3 Rab8 20. Rac1 Qb6 21. Bd1 Rec8 22. Be2 1/2-1/2

[Event "GER-ch Youth-ODJM 2022 B"]
[Site "Willingen"]
[Date "2022.06.11"]
[Round "9.2"]
[White "Günther, Arthur"]
[Black "Maul, Maik Joel"]
[Result "1-0"]
[ECO "B01"]
[WhiteElo "1579"]
[BlackElo "1532"]
[Annotator "NA RC COMBH"]
[PlyCount "47"]
[EventDate "2022.06.05"]
[EventType "swiss"]
[EventRounds "9"]
[EventCountry "GER"]
[SourceTitle "playchess.com"]
[Source "ChessBase"]
[SourceQuality "1"]
[TimeControl "40/4500+30:900+30"]

1. e4 d5 2. exd5 Qxd5 3. Nc3 Qa5 4. d4 Nf6 5. Bc4 Nc6 6. Nge2 Bg4 7. f3 Bh5 8. Bd2 O-O-O 9. a3 Nxd4 10. Nxd4 Rxd4 11. Nb5 Qb6 12. Nxd4 Qxd4 13. Qe2 Qxb2 14. O-O e6 15. Be3 Bg6 16. Bb3 Qe5 17. Qf2 Bd6 18. g3 Qa5 19. Rfd1 Nd5 20. Bd4 f6 21. c4 e5 22. c5 Nc3 23. Bxc3 Qxc3 24. Be6+ 1-0

[Event "GER-ch Youth-ODJM 2022 B"]
[Site "Willingen"]
[Date "2022.06.11"]
[Round "9.3"]
[White "Morio, Estelle"]
[Black "Kieselbach, Marvin"]
[Result "0-1"]
[ECO "A02"]
[WhiteElo "1823"]
[BlackElo "1662"]
[Annotator "NA RC COMBH"]
[PlyCount "58"]
[EventDate "2022.06.05"]
[EventType "swiss"]
[EventRounds "9"]
[EventCountry "GER"]
[SourceTitle "playchess.com"]
[Source "ChessBase"]
[SourceQuality "1"]
[TimeControl "40/4500+30:900+30"]

1. f4 Nf6 2. Nf3 d6 3. d3 g6 4. b3 Bg7 5. Bb2 O-O 6. e4 c5 7. g3 Nc6 8. Qd2 Nxe4 9. Qc1 Nf6 10. Bg2 e5 11. fxe5 dxe5 12. O-O Ng4 13. Nc3 Bh6 14. Qe1 Nb4 15. Qe2 Ne3 16. Rf2 Nexc2 17. a3 Nxa1 18. Bxa1 Nc6 19. Rf1 Bg4 20. Ne4 Nd4 21. Qb2 Bxf3 22. Bxf3 Nxf3+ 23. Rxf3 Qd4+ 24. Kg2 Qxb2+ 25. Bxb2 Bg7 26. Nxc5 Rfc8 27. Ne4 Rc2+ 28. Rf2 Rac8 29. a4 f5 0-1

[Event "GER-ch Youth-ODJM 2022 B"]
[Site "Willingen"]
[Date "2022.06.11"]
[Round "9.4"]
[White "Hoffmann, Alexander"]
[Black "Kalina, Lena"]
[Result "1-0"]
[ECO "A22"]
[WhiteElo "1638"]
[BlackElo "1735"]
[Annotator "NA RC COMBH"]
[PlyCount "95"]
[EventDate "2022.06.05"]
[EventType "swiss"]
[EventRounds "9"]
[EventCountry "GER"]
[SourceTitle "playchess.com"]
[Source "ChessBase"]
[SourceQuality "1"]
[TimeControl "40/4500+30:900+30"]

1. c4 e5 2. Nc3 Nf6 3. g3 c6 4. d3 d5 5. cxd5 cxd5 6. Bg2 Nc6 7. f4 Be6 8. fxe5 Nxe5 9. Bf4 Ng6 10. Bg5 Be7 11. d4 Ng4 12. Bd2 O-O 13. Nf3 h6 14. O-O Rc8 15. Ne1 Qb6 16. Nc2 Rfd8 17. e3 Nf6 18. Rb1 h5 19. Be1 Qc7 20. Rc1 Qd7 21. Bf2 Bh3 22. Ne1 Bxg2 23. Nxg2 Qh3 24. Kh1 Bd6 25. Ne2 Qd7 26. Nc3 Ng4 27. Qe2 Bb8 28. Bg1 Qe7 29. h3 Nf6 30. Bh2 Qe6 31. Rf3 Qxh3 32. Qf2 Qd7 33. Rf1 Ng4 34. Qe2 f6 35. Rf5 Nxh2 36. Kxh2 h4 37. Qh5 Bxg3+ 38. Kg1 Ne7 39. Rxf6 gxf6 40. Rxf6 Nf5 41. Rxf5 Rc6 42. Rg5+ Kf8 43. Qh8+ Ke7 44. Qh7+ Kd6 45. Nb5+ Ke6 46. Qh6+ Ke7 47. Rg7+ Ke8 48. Qh8# 1-0

[Event "GER-ch Youth-ODJM 2022 B"]
[Site "Willingen"]
[Date "2022.06.11"]
[Round "9.6"]
[White "Abou Wally, Adrian"]
[Black "von Jan, Lena"]
[Result "1-0"]
[ECO "C54"]
[WhiteElo "1601"]
[BlackElo "1634"]
[Annotator "NA RC COMBH"]
[PlyCount "89"]
[EventDate "2022.06.05"]
[EventType "swiss"]
[EventRounds "9"]
[EventCountry "GER"]
[SourceTitle "playchess.com"]
[Source "ChessBase"]
[SourceQuality "1"]
[TimeControl "40/4500+30:900+30"]

1. e4 e5 2. Nf3 Nc6 3. Bc4 Bc5 4. c3 Nf6 5. b4 Bb6 6. d3 d6 7. Nbd2 O-O 8. O-O h6 9. Bb3 a6 10. Nc4 Ba7 11. Be3 b5 12. Ncd2 Re8 13. a4 Bxe3 14. fxe3 Bb7 15. Qe1 Qd7 16. Nh4 Ne7 17. Qg3 Kf8 18. Nf5 Nxf5 19. Rxf5 Qd8 20. Raf1 Bc8 21. R5f2 Be6 22. Bxe6 Rxe6 23. Nf3 Nh5 24. Qh3 Nf6 25. Nh4 h5 26. Nf5 g6 27. Ng3 bxa4 28. Qh4 Kg7 29. Qg5 Qe7 30. Nxh5+ Nxh5 31. Qxe7 Rxe7 32. g4 Rh8 33. gxh5 Rxh5 34. Ra1 c6 35. Rxa4 Ra7 36. Rfa2 Rh3 37. Rxa6 Rxa6 38. Rxa6 Rxe3 39. Rxc6 Rxd3 40. b5 Rd1+ 41. Kf2 Rb1 42. c4 Rb4 43. b6 Kf8 44. Rxd6 Rxc4 45. b7 1-0

[Event "GER-ch Youth-ODJM 2022 B"]
[Site "Willingen"]
[Date "2022.06.11"]
[Round "9.8"]
[White "Stülcken, Philipp"]
[Black "Ermert, Karl Hans Ragnar"]
[Result "1-0"]
[ECO "A04"]
[WhiteElo "1513"]
[BlackElo "1662"]
[Annotator "NA RC COMBH"]
[PlyCount "57"]
[EventDate "2022.06.05"]
[EventType "swiss"]
[EventRounds "9"]
[EventCountry "GER"]
[SourceTitle "playchess.com"]
[Source "ChessBase"]
[SourceQuality "1"]
[TimeControl "40/4500+30:900+30"]

1. Nf3 f5 2. e3 Nf6 3. b3 d6 4. d4 e6 5. Bb2 Be7 6. Be2 O-O 7. O-O Ne4 8. Nbd2 Nd7 9. c4 b6 10. d5 Nxd2 11. Qxd2 e5 12. b4 Qe8 13. Rac1 Nf6 14. Qc2 a5 15. a3 Ng4 16. h3 Qh5 17. Nxe5 dxe5 18. Bxe5 Bd6 19. Bxd6 cxd6 20. hxg4 fxg4 21. Qe4 Rf6 22. g3 axb4 23. axb4 Ra2 24. Bd1 Bf5 25. Qe7 Bd3 26. Qd8+ Rf8 27. Qxd6 Qh3 28. Qe6+ Kh8 29. Bxg4 1-0

[Event "GER-ch Youth-ODJM 2022 B"]
[Site "Willingen"]
[Date "2022.06.11"]
[Round "9.9"]
[White "Ruddat, Jarne"]
[Black "Tryfon, Konstantin"]
[Result "1-0"]
[ECO "C55"]
[WhiteElo "1415"]
[BlackElo "1634"]
[Annotator "NA RC COMBH"]
[PlyCount "57"]
[EventDate "2022.06.05"]
[EventType "swiss"]
[EventRounds "9"]
[EventCountry "GER"]
[SourceTitle "playchess.com"]
[Source "ChessBase"]
[SourceQuality "1"]
[TimeControl "40/4500+30:900+30"]

1. e4 e5 2. Nf3 Nc6 3. d4 exd4 4. Bc4 Nf6 5. O-O Be7 6. Nxd4 O-O 7. Nc3 d6 8. h3 Ne5 9. Be2 c6 10. Nf3 Qc7 11. Bf4 Re8 12. Qd4 Nfd7 13. Rfd1 b5 14. b4 Bb7 15. a4 a6 16. a5 c5 17. bxc5 dxc5 18. Bxe5 Nxe5 19. Qxe5 Qxe5 20. Nxe5 Bf6 21. f4 g5 22. g3 Bg7 23. Nd5 Rad8 24. Ra3 Bxd5 25. Rxd5 Rxd5 26. exd5 f6 27. Bh5 Rd8 28. Nc6 Kf8 29. Nxd8 1-0

[Event "GER-ch Youth-ODJM 2022 B"]
[Site "Willingen"]
[Date "2022.06.11"]
[Round "9.10"]
[White "John, Niklas"]
[Black "Götz, Timon"]
[Result "1-0"]
[ECO "B48"]
[WhiteElo "1563"]
[BlackElo "1558"]
[Annotator "NA RC COMBH"]
[PlyCount "63"]
[EventDate "2022.06.05"]
[EventType "swiss"]
[EventRounds "9"]
[EventCountry "GER"]
[SourceTitle "playchess.com"]
[Source "ChessBase"]
[SourceQuality "1"]
[TimeControl "40/4500+30:900+30"]

1. e4 c5 2. Nf3 e6 3. d4 cxd4 4. Nxd4 Nc6 5. Be3 Qc7 6. Nc3 a6 7. f3 Nf6 8. Qd2 b5 9. O-O-O Bb7 10. g4 b4 11. Nce2 Be7 12. h4 Rc8 13. Kb1 d5 14. g5 Nh5 15. exd5 Nxd4 16. Nxd4 Bxd5 17. Bxa6 Qa5 18. Bb5+ Kf8 19. a4 f6 20. Rhg1 Kf7 21. Qf2 g6 22. Nb3 Qc7 23. Bb6 Qe5 24. Rge1 Qf5 25. Nd4 Qh3 26. Bd7 Bc5 27. Bxc5 Rxc5 28. Nxe6 Qxf3 29. Qxc5 Be4 30. Nd4 Qg2 31. Be6+ Kg7 32. Qe7# 1-0

[Event "GER-ch Youth-ODJM 2022 B"]
[Site "Willingen"]
[Date "2022.06.11"]
[Round "9.11"]
[White "Brunner, Alexander"]
[Black "Hofmann, Benjamin"]
[Result "0-1"]
[ECO "D00"]
[WhiteElo "1991"]
[BlackElo "1483"]
[Annotator "TA"]
[PlyCount "64"]
[EventDate "2022.06.05"]
[EventType "swiss"]
[EventRounds "9"]
[EventCountry "GER"]
[SourceTitle "playchess.com"]
[Source "ChessBase"]
[SourceQuality "1"]
[TimeControl "40/4500+30:900+30"]

1. d4 d5 2. Nc3 e6 3. Bf4 c6 4. e3 Bd6 {[%emt 0:00:00] [#]} 5. Qg4 $146 ({Predecessor:} 5. Bd3 Bxf4 6. exf4 Qc7 7. g3 Qb6 8. Nge2 Qxb2 9. O-O Ne7 10. Re1 g6 11. h3 {0-1 (56) Buksa,N (2419)-Ponce Cano,A (2165) Chess.com INT 2021}) 5... g6 {[%emt 0:00:00][%cal Oe6e5] [#] ...e5! is the strong threat.} 6. Nf3 {[%emt 0:00:00][%mdl 8192] Inhibits e5. D00: 1 d4 d5: Unusual lines.} (6. Qg3 $14 {stays ahead.} Bxf4 7. Qxf4) 6... e5 $1 $19 7. Qg3 exf4 8. exf4 {[%emt 0:00:00] Black is winning.} Nf6 {[%emt 0:00:00][%cal Bg8f6,Bf6h5,Bh5g7][%mdl 32] Hoping for ...Nh5.} 9. Ne5 O-O {[%emt 0:00:00] aiming for ...Nh5.} 10. O-O-O Bxe5 11. fxe5 Nh5 12. Qe3 b5 13. f3 f5 {[%emt 0:02:38][%cal Bf7f5,Bf5f4][%mdl 32] Inhibits g4.} 14. Be2 f4 15. Qf2 a5 16. g4 (16. Bd3 {is a better defense.}) 16... Ng7 17. Bd3 a4 18. g5 $2 (18. Nb1) 18... Bf5 19. h4 Nh5 20. Qh2 Qa5 {[%emt 0:01:17] [#] Threatens to win with ...a3.} 21. Rd2 $2 (21. Bxf5 Rxf5 22. Qd2) 21... a3 {[%emt 0:00:25] ( -> ...axb2+)} 22. Nd1 axb2+ 23. Nxb2 Qxa2 24. c3 Ra3 25. Rc2 Bxd3 26. Nxd3 Qc4 27. Kd2 Na6 28. e6 b4 29. Qe2 bxc3+ 30. Ke1 Ra1+ 31. Kf2 Rxh1 32. Kg2 Ng3 {[%emt 0:01:57] White did not feel at home in the position after the opening.  Weighted Error Value: White=1.59/Black=0.44} 0-1

[Event "GER-ch Youth-ODJM 2022 B"]
[Site "Willingen"]
[Date "2022.06.11"]
[Round "9.12"]
[White "Andrade, Ruben"]
[Black "Kullmann, Theo"]
[Result "1-0"]
[ECO "C41"]
[WhiteElo "1694"]
[BlackElo "1506"]
[Annotator "NA RC COMBH"]
[PlyCount "77"]
[EventDate "2022.06.05"]
[EventType "swiss"]
[EventRounds "9"]
[EventCountry "GER"]
[SourceTitle "playchess.com"]
[Source "ChessBase"]
[SourceQuality "1"]
[TimeControl "40/4500+30:900+30"]

1. e4 e5 2. Nf3 d6 3. Bc4 Nf6 4. d3 Be7 5. O-O O-O 6. a4 Nc6 7. h3 Be6 8. Re1 Bxc4 9. dxc4 h6 10. Nbd2 Qd7 11. Nf1 Bd8 12. Ng3 Ne7 13. Nh4 Qe6 14. b3 c6 15. Qe2 Ba5 16. Bd2 Bxd2 17. Qxd2 Rfd8 18. Qc3 Rac8 19. Rad1 Nd7 20. Ngf5 Nxf5 21. Nxf5 d5 22. Qg3 Qf6 23. cxd5 cxd5 24. Rxd5 Nf8 25. c4 Ng6 26. Red1 Rxd5 27. cxd5 Ne7 28. Nxe7+ Qxe7 29. d6 Qe6 30. d7 Rd8 31. Qc3 Kh7 32. Qc7 Qxb3 33. Qxd8 Qxd1+ 34. Kh2 Qd2 35. Qc8 Qxf2 36. d8=Q Qf4+ 37. Kg1 Qe3+ 38. Kf1 Qf4+ 39. Kg1 1-0